 Dungeon Crawl Stone Soup version 0.24.0-1-gfbc8707 (webtiles) character file.

Game seed: 12147351404148829251, levelgen mode: deterministic

42139 Illumine the Destroyer (level 14, -1/106 HPs)
             Began as a Gnoll Conjurer on Dec 3, 2019.
             Was an Initiate of Ashenzari.
             Killed from afar by Jorgrun (7 damage)
             ... with a blast of rock fragments
             ... while petrified by Jorgrun
             ... on level 12 of the Dungeon on Dec 5, 2019.
             The game lasted 01:26:06 (25843 turns).

Illumine the Destroyer (Gnoll Conjurer)            Turns: 25843, Time: 01:26:07

Health: -1/106     AC: 16    Str: 10    XL:     14   Next: 18%
Magic:  27/34      EV:  2    Int: 32    God:    Ashenzari [......]
Gold:   1151       SH:  0    Dex: 21    Spells: 19/33 levels left

rFire    . . .     SeeInvis +   N - +6 Majin-Bo {vamp, Archmagi MP+6 Int+6} (curse)
rCold    . . .     Gourm    .   (shield currently unavailable)
rNeg     + + +     Faith    .   C - +3 leather armour {MR+}
rPois    ∞         Spirit   .   V - +2 helmet {SInv}
rElec    .         Reflect  +   d - +0 cloak
rCorr    .         Harm     .   I - +0 pair of gloves
MR       ++...                  o - +2 pair of boots
Stlth    ++++++....             t - +3 amulet of reflection (curse)
HPRegen  0.27/turn              b - +4 ring of evasion (curse)
MPRegen  0.24/turn              J - +3 ring of intelligence

@: agile, petrified
A: distributed training, fangs 1, strong nose
a: Curse Item, Renounce Religion


You were on level 12 of the Dungeon.
You worshipped Ashenzari.
Ashenzari was noncommittal.
You were not hungry.

You visited 4 branches of the dungeon, and saw 21 of its levels.

You collected 2026 gold pieces.
You spent 875 gold pieces at shops.

Inventory:

Hand Weapons
 N - the cursed +6 Majin-Bo (weapon) {vamp, Archmagi MP+6 Int+6}
   (You found it on level 8 of the Dungeon)

   It inflicts no extra harm, but heals its wielder when it wounds a living foe.
   It affects your intelligence (+6).
   It affects your magic capacity (+6).
   It has a curse placed upon it.
Missiles
 L - 25 boomerangs (quivered)
Armour
 d - a +0 cloak (worn)
 o - a +2 pair of boots (worn)
 C - a +3 leather armour of magic resistance (worn)
 I - a +0 pair of gloves (worn)
 V - a +2 helmet of see invisible (worn)
Jewellery
 a - an uncursed ring of protection from cold
 b - a cursed +4 ring of evasion (left hand)
 t - a cursed +3 amulet of reflection (around neck)
 D - an uncursed ring of fire
 J - a +3 ring of intelligence (right hand)
 M - an uncursed ring of resist corrosion
 Z - an uncursed ring of positive energy
Wands
 l - a wand of acid (10)
 y - a wand of digging (3)
 O - a wand of polymorph (7)
 T - a wand of iceblast (48)
 W - a wand of paralysis (9)
Scrolls
 g - 5 scrolls of magic mapping
 h - 7 scrolls of fear
 i - a scroll of noise {unknown}
 j - 9 scrolls of remove curse
 p - 7 scrolls of teleportation
 q - a scroll of enchant armour
 u - 2 scrolls of identify
 w - 2 scrolls of blinking
 x - 3 scrolls of fog
Potions
 e - 5 potions of brilliance
 f - 4 potions of flight
 k - 3 potions of heal wounds
 m - a potion of might
 n - 5 potions of curing
 r - 2 potions of lignification
 s - a potion of cancellation
 z - 2 potions of agility
 A - 3 potions of haste
 E - a potion of invisibility
Miscellaneous
 F - a fan of gales
Comestibles
 c - 29 rations
 v - a chunk of flesh


   Skills:
 + Level 8.8 Fighting
 + Level 8.8 Short Blades
 + Level 8.8 Long Blades
 + Level 8.8 Axes
 + Level 8.8 Maces & Flails
 + Level 8.8 Polearms
 + Level 8.8 Staves
 + Level 8.8 Slings
 + Level 8.8 Bows
 + Level 8.8 Crossbows
 + Level 8.8 Throwing
 + Level 8.8 Armour
 + Level 10.0 Dodging
 + Level 9.8 Stealth
 + Level 8.8 Shields
 + Level 8.8 Unarmed Combat
 + Level 10.1 Spellcasting
 + Level 10.2 Conjurations
 + Level 7.3 Hexes
 + Level 7.3 Charms
 + Level 7.3 Summonings
 + Level 7.3 Necromancy
 + Level 7.3 Translocations
 + Level 7.3 Transmutations
 + Level 7.3 Fire Magic
 + Level 7.3 Ice Magic
 + Level 7.3 Air Magic
 + Level 7.3 Earth Magic
 + Level 7.3 Poison Magic
   Level 9.6 Invocations
 + Level 8.8 Evocations


You had 19 spell levels left.
You knew the following spells:

 Your Spells              Type           Power        Failure   Level  Hunger
b - Conjure Flame         Conj/Fire      #######.     1%          3    None
f - Summon Lightning Spi  Summ/Air       #######.     1%          4    None
g - Blade Hands           Tmut           #######...   4%          5    ###....
i - Blink                 Tloc           N/A          1%          2    None

Your spell library contained the following spells:

 Spells                   Type           Power        Failure   Level  Hunger
 Animate Skeleton         Necr           N/A          1%          1    None
 Beastly Appendage        Tmut           ######       1%          1    None
 Freeze                   Ice            ####         1%          1    None
 Magic Dart               Conj           ####         1%          1    None
 Pain                     Necr           ####         1%          1    None
 Sandblast                Erth           ######       1%          1    None
 Sting                    Conj/Pois      ####         1%          1    None
 Summon Small Mammal      Summ           ####         1%          1    None
 Call Imp                 Summ           #######.     1%          2    None
 Corpse Rot               Necr           N/A          1%          2    None
 Passwall                 Tmut/Erth      #######.     1%          2    None
 Poisonous Vapours        Pois/Air       ######       1%          2    None
 Searing Ray              Conj           ######       1%          2    None
 Slow                     Hex            #######.     1%          2    None
 Sticks to Snakes         Tmut           #######.     1%          2    None
 Sublimation of Blood     Necr           #######...   1%          2    None
 Call Canine Familiar     Summ           #######.     1%          3    None
 Dazzling Spray           Conj/Hex       ######       1%          3    None
 Ignite Poison            Fire/Tmut/Pois #######.     1%          3    None
 Mephitic Cloud           Conj/Pois/Air  #######.     1%          3    None
 Regeneration             Chrm/Necr      #######...   1%          3    None
 Spider Form              Tmut/Pois      #######...   1%          3    None
 Static Discharge         Conj/Air       #######.     1%          3    None
 Summon Guardian Golem    Hex/Summ       #######.     1%          3    None
 Vampiric Draining        Necr           #######...   1%          3    None
 Animate Dead             Necr           N/A          1%          4    None
 Force Lance              Conj/Tloc      #######.     1%          4    None
 Fulminant Prism          Conj/Hex       #######...   1%          4    None
 Ice Form                 Ice/Tmut       #######.     1%          4    None
 Iskenderun's Mystic Bla  Conj           #######.     1%          4    None
 Leda's Liquefaction      Hex/Erth       #######...   1%          4    None
 Olgreb's Toxic Radiance  Pois           #######.     1%          4    None
 Summon Ice Beast         Ice/Summ       #######.     1%          4    None
 Bolt of Draining         Conj/Necr      #######...   2%          5    ###....
 Iskenderun's Battlesphe  Conj/Chrm      #######.     2%          5    ###....
 Venom Bolt               Conj/Pois      #######...   2%          5    ###....
 Bolt of Magma            Conj/Fire/Erth #######...   3%          5    ###....
 Agony                    Necr           #######.     4%          5    ###....
 Alistair's Intoxication  Tmut/Pois      #######.     4%          5    ###....
 Dispel Undead            Necr           #######.     4%          5    ###....
 Excruciating Wounds      Chrm/Necr      #######...   4%          5    ###....
 Bolt of Cold             Conj/Ice       #######...   16%         6    #####..
 Iron Shot                Conj/Erth      #######...   16%         6    #####..
 Poison Arrow             Conj/Pois      #######...   16%         6    #####..
 Freezing Cloud           Conj/Ice/Air   #######...   19%         6    #####..
 Shadow Creatures         Summ           N/A          28%         6    #####..
 Orb of Destruction       Conj           #######...   43%         7    ######.
 Spellforged Servitor     Conj/Summ      #######...   65%         7    ######.
 Haunt                    Necr/Summ      #######...   83%         7    ######.
 Malign Gateway           Summ/Tloc      #######...   83%         7    ######.
 Ring of Flames           Chrm/Fire      #######...   83%         7    ######.
 Borgnjor's Revivificati  Necr           #######...   100%        8    #######
 Death's Door             Chrm/Necr      #######...   100%        8    #######
 Infestation              Necr           #######...   100%        8    #######
 Necromutation            Tmut/Necr      #######...   100%        8    #######
 Dragon's Call            Summ           #######...   100%        9    #######


Dungeon Overview and Level Annotations

Branches:
Dungeon (12/15)            Temple (1/1) D:6            Lair (6/6) D:11
  Swamp (0/4) Lair:3        Snake (0/4) Lair:2        Slime (0/5) Lair:5
    Orc (2/2) D:10            Elf (0/3) Orc:2

Altars:
Ashenzari
Cheibriados
Elyvilon
Fedhas
Hepliaklqana
Kikubaaqudgha
Makhleb
Nemelex Xobeh
Okawaru
Ru
Sif Muna
Uskayaw
Vehumet
Wu Jian
Xom
Yredelemnul
The Shining One
Jiyva

Shops:
D:6 !   D:10 (   Orc:1 ?   Orc:2 :[*

Annotations:
D:11 3 runed translucent doors, Dusieq's ghost, journeyman DsCj; Tsarbomb's ghost, journeyman DsGl; bande's ghost, journeyman GrFi
D:12 Jorgrun
Orc:1 2 transporters, BICBOI's ghost, journeyman DsCK
Orc:2 2 runed translucent doors, exclusion: orange crystal statue


Innate Abilities, Weirdness & Mutations

Your experience applies equally to all skills.
You have very sharp teeth.
Your uncanny sense of smell can sniff out nearby items.


Message History

Jorgrun hits you with an uncursed staff of earth!
* * * LOW HITPOINT WARNING * * *
x2 The grasping roots constrict you.
The grasping roots release their grip on you.
The centaur hits you but does no damage. x2
Your hands revert to their normal proportions.
The cursed +6 Majin-Bo {vamp, Archmagi MP+6 Int+6} unmelds from your body.
Your +0 pair of gloves unmelds from your body.
You feel a darkness envelop your magic. The centaur completely misses you.
Jorgrun hits you but does no damage.
The centaur hits you but does no damage.
Jorgrun gestures at you while chanting. The iron shot hits you!!!
* * * LOW HITPOINT WARNING * * *
The centaur hits you but does no damage.
You hear two shouts!
The centaur barely misses you.
Jorgrun points at you and mumbles some strange words.
The wall shatters!
The blast of rock fragments hits you!
You die...

∆ .....# #..###....# .....
####.#.#[#.... #...#
#..........# #...#
#.##.......#
#..F####.####..>..#######
#####...##.#.###.......#.....
g.........#...#........#8....
..........§c......)...)).....
...........g@.........##.....
#####...##.#######..#.##..<..
#...#### ##...####### #...#
##.## #...# #.. #...# #.## #
c... #!. ..# .. #


You could see Jorgrun and a centaur.

Vanquished Creatures
  2 hydras
  A two-headed ogre (D:11)
  2 orc high priests (Orc:2)
  Nergalle (Orc:1)
  A wizard (D:12)
  Pikel (D:5)
  An orc sorcerer (Orc:1)
  2 elephants
  A black mamba (Lair:5)
  2 molten gargoyles (Lair:6)
  A gargoyle (D:11)
  8 komodo dragons
  5 spiny frogs
  A rime drake (Lair:6)
  A hornet (D:6)
  A polar bear (Lair:3)
  A blink frog (Lair:6)
  Prince Ribbit (D:5)
  3 hippogriffs
  4 dream sheep (Lair:4)
  A wraith (D:10)
  A human (D:7)
  Eustachio (D:5)
  2 basilisks (Lair:6)
  20 yaks
  2 hogs (D:7)
  A hungry ghost (D:9)
  Menkaure (D:7)
  3 steam dragons
  Edmund (D:5)
  5 water moccasins
  10 porcupines
  9 orc warriors
  2 sky beasts (D:11)
  A slave (D:5)
  A hornet zombie (D:7)
  3 ice beasts
  An eye of draining (D:9)
  A black bear (D:11)
  A necrophage (D:5)
  2 phantoms
  7 wolves
  3 centaurs (D:11)
  4 ogres
  4 crocodiles
  A big kobold (D:11)
  10 bullfrogs
  A scorpion (D:7)
  A killer bee (D:10)
  2 electric eels
  2 howler monkeys (D:9)
  6 crimson imps
  3 hounds
  A lava snake (Lair:6)
  2 centaur zombies
  4 orc priests
  3 centaur skeletons
  3 jellies
  Crazy Yiuf (D:5)
  16 orc wizards
  5 iguanas
  7 worker ants
  A killer bee zombie (D:6)
  2 hound zombies
  3 worker ant zombies
  2 hound skeletons
  10 gnolls
  9 adders
  3 shadow imps
  2 oozes (D:1)
  2 adder zombies (D:6)
  2 adder skeletons
  4 worms
  5 leopard geckos
  27 orcs
  14 giant cockroaches
  6 goblins
  4 hobgoblins
  18 jackals
  12 kobolds
  4 quokkas
  4 bats
  7 frilled lizards
  A quokka skeleton (D:8)
  2 quokka zombies
  9 rats
  A fungus (D:5)
349 creatures vanquished.

Vanquished Creatures (collateral kills)
  Gastronok (D:8)
  A fire dragon (Lair:6)
  A hydra (Lair:2)
  Erica (D:9)
  Urug (Lair:6)
  2 orc high priests (Orc:2)
  A lindwurm (Lair:6)
  5 oklob plants
  An orc sorcerer (Orc:2)
  Joseph (D:8)
  An ugly thing (D:11)
  6 black mambas
  An ice statue (Lair:3)
  A centaur zombie (D:10)
  12 elephants
  5 spiny frogs (Lair:5)
  5 komodo dragons
  An ice devil (Lair:3)
  3 polar bears
  A meliai (D:10)
  4 blink frogs
  3 hippogriffs
  6 dream sheep (Lair:4)
  A wraith (D:12)
  A fire elemental (Lair:4)
  33 yaks
  3 wyverns
  4 basilisks
  3 nagas (Lair:2)
  A soldier ant (D:10)
  6 water moccasins
  2 porcupines
  4 hell hounds (Lair:6)
  10 orc warriors
  4 ice beasts
  4 ogres
  2 centaurs (D:11)
  10 wolves
  A bullfrog (Lair:1)
  A wyvern zombie (D:9)
  2 lava snakes
  A crimson imp (D:10)
  A quasit (D:11)
  20 orc priests
  14 orc wizards
  3 gnolls (Orc:1)
  An adder (D:12)
  20 orcs
  2 fungi
  6 plants
224 creatures vanquished.

Vanquished Creatures (others)
  Grum (D:9)
  9 fungi
  6 plants
16 creatures vanquished.

Grand Total: 589 creatures vanquished

Notes
Turn   | Place    | Note
-------+----------+-------------------------------------------
     0 | D:1      | Illumine the Gnoll Conjurer began the quest for the Orb.
     0 | D:1      | Reached XP level 1. HP: 13/13 MP: 6/6
     1 | D:1      | Found a runed translucent door.
   215 | D:1      | Reached XP level 2. HP: 19/19 MP: 5/7
   255 | D:1      | Learned a level 2 spell: Searing Ray
   955 | D:2      | Reached XP level 3. HP: 25/25 MP: 2/9
  1038 | D:2      | Learned a level 3 spell: Dazzling Spray
  1157 | D:2      | Reached skill level 5 in Spellcasting
  1374 | D:3      | Reached skill level 1 in Invocations
  1432 | D:3      | Reached skill level 1 in Fighting
  1432 | D:3      | Reached skill level 1 in Short Blades
  1432 | D:3      | Reached skill level 1 in Long Blades
  1432 | D:3      | Reached skill level 1 in Axes
  1432 | D:3      | Reached skill level 1 in Maces & Flails
  1432 | D:3      | Reached skill level 1 in Polearms
  1432 | D:3      | Reached skill level 1 in Staves
  1432 | D:3      | Reached skill level 1 in Slings
  1432 | D:3      | Reached skill level 1 in Bows
  1432 | D:3      | Reached skill level 1 in Crossbows
  1432 | D:3      | Reached skill level 1 in Throwing
  1432 | D:3      | Reached skill level 1 in Armour
  1432 | D:3      | Reached skill level 1 in Shields
  1432 | D:3      | Reached skill level 1 in Unarmed Combat
  1432 | D:3      | Reached skill level 1 in Evocations
  1432 | D:3      | Reached XP level 4. HP: 19/32 MP: 4/11
  1628 | D:3      | Reached skill level 1 in Hexes
  1628 | D:3      | Reached skill level 1 in Charms
  1628 | D:3      | Reached skill level 1 in Summonings
  1628 | D:3      | Reached skill level 1 in Necromancy
  1628 | D:3      | Reached skill level 1 in Translocations
  1628 | D:3      | Reached skill level 1 in Transmutations
  1628 | D:3      | Reached skill level 1 in Fire Magic
  1628 | D:3      | Reached skill level 1 in Ice Magic
  1628 | D:3      | Reached skill level 1 in Air Magic
  1628 | D:3      | Reached skill level 1 in Earth Magic
  1628 | D:3      | Reached skill level 1 in Poison Magic
  2139 | D:3      | Found a sparkling altar of Nemelex Xobeh.
  2275 | D:4      | Reached XP level 5. HP: 37/37 MP: 1/12
  2825 | D:4      | Found a shimmering blue altar of Sif Muna.
  2828 | D:4      | Became a worshipper of Sif Muna the Loreminder
  3084 | D:5      | Entered Level 5 of the Dungeon
  3165 | D:5      | Reached XP level 6. HP: 25/44 MP: 7/13
  3239 | D:5      | Noticed Prince Ribbit
  3247 | D:5      | Learned a level 4 spell: Iskenderun's Mystic Blast
  3494 | D:5      | Noticed a necrophage
  3502 | D:5      | Killed a necrophage
  3502 | D:5      | Reached skill level 5 in Dodging
  3546 | D:5      | Noticed Eustachio
  3546 | D:5      | Noticed a slave
  3684 | D:6      | Reached XP level 7. HP: 23/50 MP: 2/15
  3938 | D:6      | Learned a level 3 spell: Spider Form
  3971 | D:6      | Found a staircase to the Ecumenical Temple.
  4080 | D:6      | Found Ytuape's Distillery.
  4424 | D:6      | Bought a potion of degeneration for 11 gold pieces
  4431 | D:6      | Found Yvoliadgh's Distillery.
  4722 | D:6      | Noticed a hornet
  4831 | D:1      | Reached * piety under Sif Muna
  4851 | D:1      | Reached skill level 5 in Stealth
  5451 | D:5      | Killed Prince Ribbit
  5451 | D:5      | Reached XP level 8. HP: 50/57 MP: 10/16
  5509 | D:5      | Noticed Edmund
  5533 | D:5      | Killed Edmund
  5918 | D:5      | Killed Eustachio
  6255 | D:5      | Found a runed translucent door.
  6256 | D:5      | Noticed Crazy Yiuf
  6275 | D:5      | Killed Crazy Yiuf
  6362 | D:5      | Noticed Pikel
  6384 | D:5      | Killed Pikel
  6384 | D:5      | Reached XP level 9. HP: 60/65 MP: 18/18
  6505 | D:6      | Killed a hornet
  6965 | D:6      | Learned a level 4 spell: Summon Lightning Spire
  7184 | D:7      | Noticed Menkaure
  7191 | D:7      | Killed Menkaure
  8110 | D:7      | Reached skill level 5 in Invocations
  8509 | D:7      | Reached XP level 10. HP: 73/73 MP: 11/20
  8845 | D:7      | Reached skill level 5 in Fighting
  8845 | D:7      | Reached skill level 5 in Short Blades
  8845 | D:7      | Reached skill level 5 in Long Blades
  8845 | D:7      | Reached skill level 5 in Axes
  8845 | D:7      | Reached skill level 5 in Maces & Flails
  8845 | D:7      | Reached skill level 5 in Polearms
  8845 | D:7      | Reached skill level 5 in Staves
  8845 | D:7      | Reached skill level 5 in Slings
  8845 | D:7      | Reached skill level 5 in Bows
  8845 | D:7      | Reached skill level 5 in Crossbows
  8845 | D:7      | Reached skill level 5 in Throwing
  8845 | D:7      | Reached skill level 5 in Armour
  8845 | D:7      | Reached skill level 5 in Shields
  8845 | D:7      | Reached skill level 5 in Unarmed Combat
  8845 | D:7      | Reached skill level 5 in Evocations
  9193 | D:8      | Found the +6 Majin-Bo {vamp, Archmagi MP+6 Int+6}
  9287 | D:8      | Learned a level 5 spell: Blade Hands
  9356 | D:8      | Reached ** piety under Sif Muna
  9394 | D:8      | Noticed Joseph
  9406 | D:8      | Killed Joseph
  9593 | D:8      | Found a burning altar of Makhleb.
  9594 | D:8      | Found a shimmering altar of Xom.
  9630 | D:8      | Got a steaming ring mail
  9633 | D:8      | Identified the +5 ring mail of Geng {Int+2} (You found it
                  | on level 8 of the Dungeon)
  9960 | D:8      | Noticed Gastronok
  9974 | D:8      | Killed Gastronok
 10386 | D:9      | Found a glowing golden altar of the Shining One.
 10387 | D:9      | Found a sacrificial altar of Ru.
 10389 | D:9      | Found a blossoming altar of Fedhas.
 10391 | D:9      | Found an ancient bone altar of Kikubaaqudgha.
 10392 | D:9      | Found a hide-covered altar of Uskayaw.
 10663 | D:9      | Noticed Erica
 10671 | D:9      | Noticed Grum
 11142 | D:9      | Killed Grum
 11142 | D:9      | Reached XP level 11. HP: 74/81 MP: 17/22
 11146 | D:9      | Killed Erica
 11503 | D:10     | Entered Level 10 of the Dungeon
 11590 | D:10     | Learned a level 3 spell: Mephitic Cloud
 11625 | D:10     | Reached *** piety under Sif Muna
 11770 | D:10     | Reached skill level 5 in Hexes
 11770 | D:10     | Reached skill level 5 in Charms
 11770 | D:10     | Reached skill level 5 in Summonings
 11770 | D:10     | Reached skill level 5 in Necromancy
 11770 | D:10     | Reached skill level 5 in Translocations
 11770 | D:10     | Reached skill level 5 in Transmutations
 11770 | D:10     | Reached skill level 5 in Fire Magic
 11770 | D:10     | Reached skill level 5 in Ice Magic
 11770 | D:10     | Reached skill level 5 in Air Magic
 11770 | D:10     | Reached skill level 5 in Earth Magic
 11770 | D:10     | Reached skill level 5 in Poison Magic
 12292 | D:10     | Found a staircase to the Orcish Mines.
 12293 | D:10     | Found Peh Defa's Weapon Emporium.
 13792 | D:11     | Noticed a white ugly thing
 13793 | D:11     | Noticed a two-headed ogre
 13798 | D:11     | Killed a white ugly thing
 13800 | D:11     | Killed a two-headed ogre
 13880 | D:11     | Found a runed translucent gate.
 13880 | D:11     | Found a runed translucent gate.
 13880 | D:11     | Found a runed translucent gate.
 13880 | D:11     | Noticed Tsarbomb's ghost (journeyman DsGl)
 13880 | D:11     | Noticed Dusieq's ghost (journeyman DsCj)
 13880 | D:11     | Noticed bande's ghost (journeyman GrFi)
 14420 | D:11     | Found a staircase to the Lair.
 14422 | D:11     | Noticed an oklob plant
 14436 | D:11     | Killed an oklob plant
 14465 | Lair:1   | Entered Level 1 of the Lair of Beasts
 14957 | D:12     | Noticed a wizard
 14970 | D:12     | Killed a wizard
 15303 | Orc:1    | Entered Level 1 of the Orcish Mines
 15309 | D:10     | Reached **** piety under Sif Muna
 15456 | Orc:1    | Found Yjeuluyr's Magic Scroll Shoppe.
 15711 | Orc:1    | Reached XP level 12. HP: 46/89 MP: 24/24
 15914 | Orc:1    | Found a transporter.
 15918 | Orc:1    | Noticed BICBOI's ghost (journeyman DsCK)
 15960 | Orc:1    | Found a transporter.
 16011 | Orc:1    | Noticed Nergalle
 16024 | Orc:1    | Killed Nergalle
 16414 | Orc:2    | Entered Level 2 of the Orcish Mines
 16417 | Orc:2    | Found a staircase to the Elven Halls.
 16582 | Orc:2    | Found a runed translucent door.
 16586 | Orc:2    | Found the +10 large shield of Ignorance {rN+ Int-4}
 16618 | Orc:2    | Found a runed translucent door.
 16805 | Orc:2    | Noticed an orc high priest
 16808 | Orc:2    | Killed an orc high priest
 16808 | Orc:2    | Reached ***** piety under Sif Muna
 16829 | Orc:2    | Noticed an orc high priest
 16846 | Orc:2    | Killed an orc high priest
 16847 | Orc:2    | Identified Sif Muna's Compendium of the Entourage (Sif Muna
                  | gifted it to you on level 2 of the Orcish Mines)
 16847 | Orc:2    | Received a gift from Sif Muna
 16850 | Orc:2    | Noticed an orc high priest
 16863 | Orc:2    | Killed an orc high priest
 17016 | Orc:2    | Noticed an orc high priest
 17441 | Orc:2    | Paralysed by an orc sorcerer for 3 turns
 17517 | Orc:2    | Found Tipin's Assorted Antiques.
 17517 | Orc:2    | Found Weerghem's Antique Armour Shop.
 17520 | Orc:2    | Found Sakumnuc's Book Shop.
 17522 | Orc:2    | Found Juvorch's Food Boutique.
 17531 | Orc:2    | Bought a book of Power for 540 gold pieces
 17535 | Orc:2    | Bought a shiny helmet for 217 gold pieces
 17535 | Orc:2    | Bought an embroidered robe for 107 gold pieces
 17709 | Orc:2    | Killed an orc high priest
 17892 | Lair:1   | Identified the Catalogue of Sinister Arcane Weapons
 18162 | Lair:1   | Noticed a death yak
 18162 | Lair:1   | Noticed a five-headed hydra
 18229 | Lair:2   | Noticed a six-headed hydra
 18242 | Lair:2   | Killed a six-headed hydra
 18399 | Lair:2   | Found a staircase to the Snake Pit.
 18852 | Lair:2   | Learned a level 2 spell: Blink
 18869 | Lair:2   | Learned a level 3 spell: Conjure Flame
 19713 | Lair:3   | Got a jewelled ring mail
 20148 | Lair:4   | Reached XP level 13. HP: 80/98 MP: 26/26
 20308 | Lair:4   | Identified the +2 ring mail of Utoppo {Dex+5} (You found it
                  | on level 3 of the Lair of Beasts)
 21268 | Lair:5   | Found a viscous altar of Jiyva.
 21268 | Lair:5   | Found a staircase to the Slime Pits.
 22224 | Lair:6   | Entered Level 6 of the Lair of Beasts
 22761 | Lair:6   | Identified Sif Muna's Volume of Earthen Intoxication (Sif
                  | Muna gifted it to you on level 6 of the Lair of Beasts)
 22761 | Lair:6   | Received a gift from Sif Muna
 22870 | Lair:6   | Reached skill level 10 in Conjurations
 23236 | Lair:6   | Identified the +10 halberd "Kigoless" {drain, rF+ rN+
                  | Dex+3}
 23236 | Lair:6   | Noticed Urug
 23244 | Lair:6   | Killed Urug
 23393 | Lair:6   | Found a hazy altar of Hepliaklqana.
 23747 | Lair:6   | Found a large runed translucent door.
 23747 | Lair:6   | Noticed a fire dragon
 23748 | Lair:6   | Found a large runed translucent door.
 23795 | Lair:6   | Reached skill level 10 in Spellcasting
 23926 | Lair:6   | Reached XP level 14. HP: 83/106 MP: 27/28
 24173 | Lair:6   | Got a transparent quarterstaff
 24752 | Lair:3   | Found a staircase to the Swamp.
 25050 | Lair:3   | Identified Sif Muna's Incunabulum of Freezing Conjuration
                  | (Sif Muna gifted it to you on level 3 of the Lair of
                  | Beasts)
 25050 | Lair:3   | Received a gift from Sif Muna
 25145 | Lair:3   | Found a basalt altar of Yredelemnul.
 25265 | Lair:3   | Reached skill level 10 in Dodging
 25607 | Temple   | Entered the Ecumenical Temple
 25619 | Temple   | Fell from the grace of Sif Muna
 25619 | Temple   | Became a worshipper of Ashenzari the Shackled
 25812 | D:12     | Noticed Jorgrun
 25843 | D:12     | Killed from afar by Jorgrun

Levels and vault maps discovered:
D:1:      dpeg_arrival_caged_fury, layout_loops_corners, st_stairs_14
D:2:      layout_loops_ring
D:3:      layout_rooms, nemelex_diamond_rough_becter
D:4:      layout_cave_pools, lemuel_blue_sif_altar, first_ration,
          grunt_ministairs_3, minmay_goblin_kobold_house
D:5:      layout_basic, uniq_eustachio, uniq_prince_ribbit1, uniq_edmund,
          uniq_crazy_yiuf_cottage, uniq_pikel
D:6:      minmay_flawed_box, layout_cave_pools, minmay_temple_entry_statues,
          serial_shops, shop, nicolae_shop_trees, minmay_crystal_room
D:7:      layout_basic, grunt_livestock, uniq_menkaure
D:8:      layout_loops_corners, grunt_temple_overflow_champion_of_chaos,
          uniq_joseph, uniq_gastronok
D:9:      layout_small_grid, grunt_temple_overflow_open, uniq_grum, uniq_erica
D:10:     minmay_ornate_pinched, layout_basic, orc_david_3, minmay_circle_x
D:11:     layout_gridville, dpeg_oklobed_lair, gammafunk_ghost_cemetery,
          minmay_misc_feat_room
D:12:     minmay_wizard_corner, layout_loops_cross, zaba_antful_of_joy,
          uniq_jorgrun
Temple:   eino_temple_lava
Lair:1:   layout_regular_city, grunt_forest_large_clearing_hut
Lair:2:   layout_roguey, minmay_snake_entry_guardpost_medium,
          infiniplex_staircase_pool
Lair:3:   layout_big_grid, swamp_mist_pool, basic_altar, ice2_lemuel
Lair:4:   layout_gridlike, chequers_serial_rivers_micro_e
Lair:5:   layout_cave_pods, slime_altar_1, minmay_lair_oklob_chamber,
          serial_bayou_shore_a
Lair:6:   cheibrodos_lair_end_hotspot, layout_long_grid, basic_altar, uniq_urug
Orc:1:    layout_caves, gammafunk_ghost_stat_death, serial_shops, shop_statue,
          uniq_nergalle
Orc:2:    st_orc_mages, layout_caves, chequers_guarded_unrand_ignorance

Skill      XL: |  1  2  3  4  5  6  7  8  9 10 11 12 13 14 |
---------------+-------------------------------------------+-----
Spellcasting   | 5 6 7 8 9 10 | 10.1
Invocations    | 1 2 3 4 5 6 7 8 9 |  9.6
Fighting       | 1 2 3 4 5 6 7 8 |  8.8
Short Blades   | 1 2 3 4 5 6 7 8 |  8.8
Long Blades    | 1 2 3 4 5 6 7 8 |  8.8
Axes           | 1 2 3 4 5 6 7 8 |  8.8
Maces & Flails | 1 2 3 4 5 6 7 8 |  8.8
Polearms       | 1 2 3 4 5 6 7 8 |  8.8
Staves         | 1 2 3 4 5 6 7 8 |  8.8
Slings         | 1 2 3 4 5 6 7 8 |  8.8
Bows           | 1 2 3 4 5 6 7 8 |  8.8
Crossbows      | 1 2 3 4 5 6 7 8 |  8.8
Throwing       | 1 2 3 4 5 6 7 8 |  8.8
Armour         | 1 2 3 4 5 6 7 8 |  8.8
Shields        | 1 2 3 4 5 6 7 8 |  8.8
Unarmed Combat | 1 2 3 4 5 6 7 8 |  8.8
Evocations     | 1 2 3 4 5 6 7 8 |  8.8
Hexes          | 1 2 3 4 5 6 7 |  7.3
Charms         | 1 2 3 4 5 6 7 |  7.3
Summonings     | 1 2 3 4 5 6 7 |  7.3
Necromancy     | 1 2 3 4 5 6 7 |  7.3
Translocations | 1 2 3 4 5 6 7 |  7.3
Transmutations | 1 2 3 4 5 6 7 |  7.3
Fire Magic     | 1 2 3 4 5 6 7 |  7.3
Ice Magic      | 1 2 3 4 5 6 7 |  7.3
Air Magic      | 1 2 3 4 5 6 7 |  7.3
Earth Magic    | 1 2 3 4 5 6 7 |  7.3
Poison Magic   | 1 2 3 4 5 6 7 |  7.3
Dodging        | 5 6 7 8 9 10 | 10.0
Stealth        | 5 6 7 8 9 |  9.8
Conjurations   | 8 9 10 | 10.2

Action                   |  1- 3 |  4- 6 |  7- 9 | 10-12 | 13-15 || total
-------------------------+-------+-------+-------+-------+-------++-------
Melee: Quarterstaff      |       |     6 |       |   321 |   353 ||   680
       Long sword        |       |    23 |     3 |       |       ||    26
       Bite              |       |     4 |    13 |    21 |    42 ||    80
       Punch             |       |     1 |       |     1 |     1 ||     3
       Dagger            |       |       |    82 |     4 |       ||    86
       Unarmed           |       |       |    70 |    22 |     5 ||    97
Throw: Javelin           |       |       |     2 |       |       ||     2
       Boomerang         |       |       |     1 |     8 |       ||     9
 Cast: Magic Dart        |    52 |    62 |    70 |    81 |     2 ||   267
       Searing Ray       |     1 |    10 |    38 |    40 |       ||    89
       Dazzling Spray    |       |    11 |    25 |    76 |    49 ||   161
       Spider Form       |       |       |     8 |     1 |       ||     9
       Summon Lightning  |       |       |       |    78 |    55 ||   133
       Iskenderun's Myst |       |       |       |     3 |     7 ||    10
       Conjure Flame     |       |       |       |     1 |     1 ||     2
       Blade Hands       |       |       |       |     1 |     1 ||     2
Invok: Forget Spell      |       |       |       |     1 |     4 ||     5
       Curse Item        |       |       |       |       |     3 ||     3
Evoke: Wand              |       |       |       |     3 |     1 ||     4
  Use: Scroll            |       |       |       |    15 |     9 ||    24
       Potion            |       |       |       |     6 |     3 ||     9
 Stab: Invisible         |       |       |     3 |     8 |    12 ||    23
       Sleeping          |       |       |     1 |     2 |     2 ||     5
       Distracted        |       |       |       |     8 |     3 ||    11
  Eat: Chunk             |     1 |     7 |    11 |    15 |    14 ||    48
       Ration            |       |       |     2 |     7 |     1 ||    10
Armor: Robe              |       |     7 |     8 |       |       ||    15
       Leather armour    |       |       |     8 |    79 |   102 ||   189
       Skin              |       |       |     1 |       |       ||     1
Dodge: Dodged            |       |    41 |   198 |   416 |   438 ||  1093
Block: Other             |       |       |       |     1 |    17 ||    18
       Rpst.: Long sword |       |    10 |       |       |       ||    10
